 Dungeon Crawl Stone Soup version 0.30-a0-23-ge60ba3568b (webtiles) character file.

Game seed: 17482368016128422412

172 ytrimaz the Insei (level 5, 0/55 HPs)
             Began as a Demonspawn Transmuter on Aug 24, 2022.
             Slain by a gnoll sergeant
             ... wielding a +2 spear of freezing
              (1 damage)
             ... on level 4 of the Dungeon.
             The game lasted 00:02:27 (3388 turns).

ytrimaz the Insei (Demonspawn Transmuter)           Turns: 3388, Time: 00:02:28

Health: 0/55       AC: 26    Str: 10    XL:     5   Next: 27%
Magic:  6/8        EV:  2    Int: 19    God:
Gold:   142        SH:  0    Dex: 18    Spells: 1/8 levels left

rFire   . . .      SeeInvis .      - Unarmed
rCold   . . .      Faith    .    (no shield)
rNeg    . . .      Spirit   .    (body armour currently unavailable)
rPois   +          Reflect  .    (helmet currently unavailable)
rElec   .          Harm     .    (cloak currently unavailable)
rCorr   .          Rampage  .    (gloves currently unavailable)
Will    .....      NoTele   +    (boots currently unavailable)
Stlth   ++........               g - amulet of the Marlin {Regen+ Int+3 Dex+4}
HPRegen 0.98/turn                i - +4 ring of protection
MPRegen 0.11/turn                (no ring)

@: tree-form, wereblooded
A: stationary, stasis, torment immunity, boosted hp, powered by pain 1
a: no special abilities


You were on level 4 of the Dungeon.
You were a tree.
You visited 1 branch of the dungeon, and saw 4 of its levels.

You collected 142 gold pieces.

Inventory:

Armour
 f - a +2 robe of positive energy (melded)
Jewellery
 g - the amulet of the Marlin (around neck) {Regen+ Int+3 Dex+4}
   (You acquired it on level 2 of the Dungeon)

   [amulet of regeneration]

   Int:       It affects your intelligence (+3).
   Dex:       It affects your dexterity (+4).
   Regen:     It increases your rate of health regeneration.
 i - a +4 ring of protection (left branch)
Wands
 e - a wand of polymorph (10)
Scrolls
 j - a scroll of enchant weapon {unknown}
 k - a scroll of brand weapon
Potions
 a - a potion of resistance {unknown}
 b - a potion of lignification
 c - a potion of curing {unknown}
 d - 2 potions of berserk rage {unknown}
 h - a potion of might {unknown}


   Skills:
 - Level 1.0 Fighting
 - Level 2.6 Dodging
 + Level 5.0 Unarmed Combat
 - Level 2.0 Spellcasting
 - Level 1.7 Transmutations
 * Level 0.3 Ice Magic


You had one spell level left.
You knew the following spells:

 Your Spells              Type           Power      Damage    Failure   Level
a - Beastly Appendage     Tmut           16%        N/A       9%          1
b - Wereblood             Tmut           8%         N/A       12%         2
c - Ice Form              Ice/Tmut       5%         N/A       73%         4

Your spell library contained the following spells:

 Spells                   Type           Power      Damage    Failure   Level
 Sublimation of Blood     Necr           1%         N/A       26%         2
 Spider Form              Tmut/Pois      5%         N/A       34%         3
 Ignite Poison            Fire/Tmut/Pois 4%         N/A       36%         3
 Mephitic Cloud           Conj/Pois/Air  1%         N/A       45%         3
 Freezing Cloud           Conj/Ice/Air   1%         6-21      99%         5
 Summon Hydra             Summ           0%         N/A       100%        7


Dungeon Overview and Level Annotations

Branches:
Dungeon (4/15)
 Temple: D:4-7

Altars:


Innate Abilities, Weirdness & Mutations

You are a tree.
Your roots penetrate the ground, keeping you stationary.
You cannot be teleported.
You are immune to unholy pain and torment.
Your maximum health is greatly increased.
Your equipment is partially melded.
You sometimes gain a little power by taking damage.


Message History

You kill the gnoll!
Your Unarmed Combat skill increases to level 5!
The gnoll sergeant shouts!
The gnoll hits you but does no damage. The gnoll closely misses you.
Things that are here:
a +0 club; a gnoll corpse You closely miss the gnoll.
The gnoll hits you but does no damage.
A gnoll comes into view. It is wielding a +0 flail.
The gnoll hits you from afar with a +0 halberd.
The gnoll sergeant hits you from afar with a +2 spear of freezing!
The gnoll sergeant freezes you.
You punch the gnoll! Your kick misses the gnoll.
The gnoll is heavily wounded.
The gnoll barely misses you. x2
The gnoll sergeant hits you but does no damage.
You hit the gnoll but do no damage. You claw the gnoll. You headbutt the gnoll.
You feel a bit better.
You kill the gnoll!
The gnoll barely misses you.
The gnoll sergeant hits you from afar with a +2 spear of freezing!
The gnoll sergeant freezes you.
You are too injured to fight recklessly!
The gnoll barely misses you.
The gnoll sergeant hits you with a +2 spear of freezing!
* * * LOW HITPOINT WARNING * * *
The gnoll sergeant freezes you.
* * * LOW HITPOINT WARNING * * *
You see here a +0 spear.
You are too injured to fight recklessly!
Unknown command.
Really quaff the potion of lignification?
Your horns disappear.
Your talons disappear.
You turn into a tree.
Your +2 robe of positive energy melds into your body.
You feel less protected from negative energy.
Your roots penetrate the ground.
The gnoll hits you but does no damage.
The gnoll sergeant hits you with a +2 spear of freezing.
* * * LOW HITPOINT WARNING * * *
The gnoll sergeant freezes you.
You die...

.........###.....#
#......).......#
##.....###.#...#
#....## #.#.#.#
#...## #.....#
#.#.# ###.### #
#...# #.#
#.#######.### .#
#...gg♣)..#
####.g##### #..#
#..# #..# #..#
#... ..## ##


You could see a gnoll sergeant and 2 gnolls.

Vanquished Creatures
  A jelly (D:1)
  Jessica (D:2)
  2 gnolls (D:4)
  2 adders (D:2)
  6 worms
  2 orcs
  7 bats
  8 endoplasms
  6 giant cockroaches
  2 hobgoblins
  5 quokkas
  5 ball pythons
  A frilled lizard (D:1)
  A goblin (D:2)
  3 kobolds
  10 rats
62 creatures vanquished.

Notes
Turn   | Place    | Note
-------+----------+-------------------------------------------
     0 | D:1      | ytrimaz the Demonspawn Transmuter began the quest for the
                  | Orb.
     0 | D:1      | Reached XP level 1. HP: 15/15 MP: 3/3
     1 | D:1      | Found a runed translucent door.
    93 | D:1      | Reached skill level 3 in Unarmed Combat
   297 | D:1      | Gained mutation: You sometimes gain a little power by
                  | taking damage. [demonic ancestry]
   297 | D:1      | Reached XP level 2. HP: 21/21 MP: 3/5
   390 | D:1      | Learned a level 2 spell: Wereblood
  1223 | D:1      | Reached XP level 3. HP: 19/26 MP: 2/6
  1226 | D:1      | Reached skill level 4 in Unarmed Combat
  1256 | D:1      | Reached XP level 4. HP: 12/32 MP: 5/7
  1499 | D:2      | Noticed Jessica
  1511 | D:2      | Killed Jessica
  1844 | D:2      | Found a faded altar of an unknown god.
  2176 | D:2      | Reached XP level 5. HP: 34/37 MP: 6/8
  2177 | D:2      | Identified a scroll of acquirement
  2177 | D:2      | Acquired the amulet of the Marlin {Regen+ Int+3 Dex+4}
  2667 | D:3      | Learned a level 4 spell: Ice Form
  3383 | D:4      | Reached skill level 5 in Unarmed Combat
  3388 | D:4      | HP: 1/55 [gnoll sergeant/+2 spear of freezing (5)]
  3388 | D:4      | Slain by a gnoll sergeant

Illustrated notes

Levels and vault maps discovered:
D:1:      dpeg_arrival_caged_fury, layout_basic
D:2:      layout_basic, hellmonk_ecumenical_altar_crossroads, uniq_jessica
D:3:      layout_loops_ring, nicolae_concentric_dashed_squares_wild
D:4:      layout_loops_ring

Skill      XL: |  1  2  3  4  5 |
---------------+----------------+-----
Unarmed Combat | 3 4 5 |  5.0
Dodging        | 2 |  2.6
Fighting       | |  1.0
Spellcasting   | |  2.0
Transmutations | |  1.7
Ice Magic      | |  0.3

Action                   |  1- 3 |  4- 6 || total
-------------------------+-------+-------++-------
Melee: Unarmed           |    72 |    70 ||   142
       Kick              |    14 |    13 ||    27
       Headbutt          |    10 |     8 ||    18
       Punch             |     1 |     1 ||     2
 Cast: Beastly Appendage |    13 |    23 ||    36
       Wereblood         |     2 |     1 ||     3
  Use: Scroll            |     1 |     3 ||     4
       Potion            |       |     1 ||     1
 Stab: Sleeping          |     2 |       ||     2
Armor: Robe              |    14 |    24 ||    38
       Skin              |       |     1 ||     1
Dodge: Dodged            |    41 |    51 ||    92

Table legend: (Time is in decaauts)
 A = Elapsed time spent in this place.
 B = Non-inter-level travel time spent in this place.
 C = Inter-level travel time spent in this place.
 D = Time resting spent in this place.
 E = Time spent auto-exploring this place.
 F = Levels seen in this place.
 G = Mean time per level.
                   A        B        C        D        E       F      G
               +--------+--------+--------+--------+--------+-----+--------+
         Total |   3376 |   3299 |     77 |      0 |   2855 |   4 |  844.0 |
       Dungeon |   3376 |   3299 |     77 |      0 |   2855 |   4 |  844.0 |
               +--------+--------+--------+--------+--------+-----+--------+

Top non-repeatable levels by time:
     D:1: 1493 daAuts
     D:2: 1158 daAuts
     D:3: 603 daAuts
     D:4: 120 daAuts
